 Dungeon Crawl Stone Soup version 0.18.1-50-g88ac8fd (webtiles) character file.

8654 Peloso the Blocker (level 11, -4/99 HPs)
             Began as a Minotaur Fighter on Oct 4, 2016.
             Was a High Priest of Okawaru.
             Killed from afar by Fannar (28 damage)
             ... with a bolt of cold
             ... on level 10 of the Dungeon.
             The game lasted 00:19:47 (8571 turns).

Peloso the Blocker (Minotaur Fighter)               Turns: 8571, Time: 00:19:48

Health: -4/99      AC: 22    Str: 22    XL:     11   Next: 12%
Magic:  8/10       EV: 11    Int:  5    God:    Okawaru [*****.]
Gold:   337        SH: 14    Dex: 12    Spells: 0 memorised, 10 levels left

rFire  . . .     SeeInvis .     I - +3 scimitar (flame)
rCold  . . .     Gourm    .     D - +0 plate armour
rNeg   . . .     Faith    .     c - +0 shield
rPois  .         Spirit   .     K - +1 hat
rElec  .         Dismiss  .     H - +0 cloak
rCorr  .         Reflect  .     n - +1 pair of gloves
SustAt .         Harm     .     (no boots)
MR     .....                    (no amulet)
Stlth  ..........               (no ring)
                                (no ring)

@: heroism, not resistant to hostile enchantments, extremely unstealthy
A: retaliatory headbutt, horns 2, sense surroundings 1, regeneration 1
a: Heroism, Finesse, Renounce Religion


You were on level 10 of the Dungeon.
You worshipped Okawaru.
Okawaru was extremely pleased with you.
You were hungry.

You visited 1 branch of the dungeon, and saw 10 of its levels.
You also visited: Sewer.

You collected 337 gold pieces.

Inventory:

Hand Weapons
 a - a +0 long sword
 h - a +1 falchion of venom
 l - a +1 falchion of holy wrath
 I - a +3 scimitar of flaming (weapon)
Armour
 c - a +0 shield (worn)
 n - a +1 pair of gloves (worn)
 D - a +0 plate armour (worn)
 H - a +0 cloak (worn)
 K - a +1 hat (worn)
Wands
 o - a wand of random effects (37/48)
 t - a wand of digging (9/24)
 v - a wand of teleportation (5/9)
 A - a wand of slowing (27/48)
 B - a wand of disintegration (10/24)
 G - a wand of acid (5/15)
 L - a wand of confusion (6/48)
Scrolls
 g - 2 scrolls of identify
 m - 3 scrolls of fog
 w - a scroll of enchant armour
 x - a scroll of remove curse
 y - 2 scrolls of blinking
 z - a scroll of amnesia {unknown}
 C - a scroll of teleportation {unknown}
 F - 3 scrolls of recharging
 M - a scroll of torment {unknown}
Potions
 b - 2 potions of berserk rage
 e - 8 potions of curing
 i - a potion of heal wounds
 j - 3 potions of agility
 q - 2 potions of flight
 r - 2 potions of might
 s - 3 potions of haste
Books
 J - a book of Air

   Spells                             Type                      Level
   a - Shock                          Conjuration/Air              1
   b - Swiftness                      Charms/Air                   2
   c - Repel Missiles                 Charms/Air                   2
   d - Static Discharge               Conjuration/Air              3
   e - Lightning Bolt                 Conjuration/Air              5
Comestibles
 d - 23 fruits
 f - 10 bread rations
 k - a slice of pizza
 p - 7 meat rations
 E - 2 beef jerkies


   Skills:
 + Level 9.8(14.8) Fighting
 + Level 10.5(15.5) Long Blades
 + Level 10.1(15.1) Armour
 + Level 5.1(10.1) Dodging
 + Level 1.0(6.0) Stealth
 + Level 11.3(16.3) Shields
 + Level 0.4 Invocations


You had 10 spell levels left.
You didn't know any spells.

Dungeon Overview and Level Annotations

Branches:
Dungeon (10/15)            Temple (0/1) D:7
   Lair: D:8-11         Orc: D:9-12

Altars:
Ashenzari
Dithmenos
Kikubaaqudgha
Makhleb
Nemelex Xobeh
Okawaru
Ru
Sif Muna
Trog
Vehumet
Xom
Yredelemnul
Zin

Annotations:
D:10 Fannar


Innate Abilities, Weirdness & Mutations

You reflexively headbutt those who attack you in melee.
You have a pair of horns on your head.
You passively map a small area around you.
Your natural rate of healing is unusually fast.


Message History

You completely miss Fannar.
Fannar is moderately wounded.
You block Fannar's attack.
Unknown command.
You barely miss Fannar.
Fannar is moderately wounded.
Fannar hits you but does no damage.
Unknown command.
You completely miss Fannar.
Fannar is moderately wounded.
Fannar hits you but does no damage.
Unknown command.
You closely miss Fannar. Your headbutt misses Fannar.
Fannar is moderately wounded.
Fannar casts a spell.
You gain the combat prowess of a mighty hero.
You feel slightly more hungry. Fannar casts a spell at you.
The bolt of cold hits you!
You die...

, , ..# * ,, , ..
,, #.## * ,
,#..#####
#.#...## *
#......##
#####.....<.#
#.###.........<.#
.......@.Y......#
#.######e#.(...##
* *#.........# *
#Y.#.......# * ,
.e.##.......# *
..##*##.....## *
..#* ##...## , *
.#* ##### *


You could see Fannar and an ice beast.

Vanquished Creatures
  Gastronok (D:8)
  Erica (D:8)
  A hill giant (D:9)
  Maurice (D:8)
  A troll (D:9)
  A merfolk (D:9)
  A vampire (D:9)
  The ghost of Drunkenshrew the Skirmisher, an amateur DrFi (D:3)
  2 hungry ghosts
  A wyvern (D:9)
  2 hippogriffs
  Edmund (D:4)
  2 ice beasts (D:8)
  2 orc warriors
  2 sky beasts
  7 ogres
  3 phantoms
  7 big kobolds
  5 giant frogs
  2 scorpions
  5 killer bees (D:8)
  9 wights
  2 howler monkeys
  3 crimson imps
  2 hounds (D:5)
  2 jellies
  5 orc priests
  A giant frog skeleton (D:6)
  2 iguanas
  7 orc wizards
  5 worker ants
  A killer bee zombie (D:9)
  A hound skeleton (D:8)
  A howler monkey skeleton (D:9)
  8 gnolls
  15 adders
  4 river rats
  A shadow imp (D:5)
  5 oozes (Sewer)
  An adder zombie (D:7)
  An adder skeleton (D:4)
  2 worms
  A dart slug (D:1)
  4 giant geckos
  23 orcs
  5 bats
  4 giant cockroaches
  2 gnoll zombies (D:2)
  3 goblins
  8 hobgoblins
  9 jackals
  20 kobolds
  3 quokkas
  6 ball pythons
  A giant cockroach zombie (D:3)
  3 giant newts
  7 rats
226 creatures vanquished.

Vanquished Creatures (others)
  An orc wizard (D:5)
  A giant gecko skeleton (D:4)
2 creatures vanquished.

Grand Total: 228 creatures vanquished

Notes
Turn   | Place    | Note
--------------------------------------------------------------
     0 | D:1      | Peloso the Minotaur Fighter began the quest for the Orb.
     0 | D:1      | Reached XP level 1. HP: 19/19 MP: 0/0
    38 | D:1      | Reached XP level 2. HP: 15/27 MP: 1/1
   313 | D:1      | Reached XP level 3. HP: 33/33 MP: 2/2
   492 | D:2      | Found a shadowy altar of Dithmenos.
   573 | D:2      | Found a burning altar of Makhleb.
   573 | D:2      | Found a radiant altar of Vehumet.
   627 | D:2      | Reached skill level 4 in Shields
   683 | D:2      | Found a sparkling altar of Nemelex Xobeh.
   874 | D:2      | Found a basalt altar of Yredelemnul.
  1208 | D:3      | Noticed Drunkenshrew's ghost (amateur DrFi)
  1225 | D:3      | Killed Drunkenshrew's ghost
  1225 | D:3      | Reached skill level 5 in Shields
  1225 | D:3      | Reached XP level 4. HP: 5/41 MP: 3/3
  1225 | D:3      | Reached XP level 5. HP: 6/47 MP: 4/4
  1679 | D:3      | Reached skill level 5 in Armour
  1683 | D:3      | Found a deep blue altar of Sif Muna.
  2016 | D:4      | Reached XP level 6. HP: 47/53 MP: 5/5
  2050 | D:4      | Found a glowing drain.
  2087 | Sewer    | Entered a sewer
  2238 | Sewer    | Reached skill level 5 in Fighting
  2424 | Sewer    | Reached XP level 7. HP: 61/61 MP: 6/6
  2514 | Sewer    | Reached skill level 6 in Shields
  2700 | Sewer    | Reached skill level 5 in Long Blades
  3373 | D:4      | Reached skill level 1 in Stealth
  3373 | D:4      | Reached XP level 8. HP: 66/70 MP: 7/7
  3420 | D:4      | Noticed Edmund
  3439 | D:4      | Killed Edmund
  3647 | D:5      | Entered Level 5 of the Dungeon
  3667 | D:5      | Reached skill level 7 in Shields
  3981 | D:5      | Found a shimmering altar of Xom.
  3982 | D:5      | Noticed an angel
  4011 | D:5      | Found a glowing silver altar of Zin.
  4732 | D:6      | Found an iron altar of Okawaru.
  4743 | D:6      | Became a worshipper of Warmaster Okawaru
  5012 | D:6      | Found a sacrificial altar of Ru.
  5026 | D:6      | Found a shattered altar of Ashenzari.
  5031 | D:6      | Found a bloodstained altar of Trog.
  5074 | D:6      | Reached XP level 9. HP: 56/79 MP: 8/8
  5265 | D:6      | Reached skill level 8 in Shields
  5266 | D:6      | Reached skill level 5 in Dodging
  5460 | D:7      | Reached * piety under Okawaru
  5542 | D:7      | Found a staircase to the Ecumenical Temple.
  5886 | D:7      | Found an ancient bone altar of Kikubaaqudgha.
  6270 | D:8      | Reached skill level 9 in Shields
  6290 | D:8      | Reached ** piety under Okawaru
  6445 | D:8      | Noticed Maurice
  6467 | D:8      | Killed Maurice
  6474 | D:8      | Reached XP level 10. HP: 29/88 MP: 9/9
  6777 | D:8      | Noticed Erica
  6793 | D:8      | Killed Erica
  6793 | D:8      | Reached *** piety under Okawaru
  6793 | D:8      | Reached skill level 10 in Shields
  6879 | D:8      | Found a sacrificial altar of Ru.
  6951 | D:8      | Noticed Gastronok
  6982 | D:8      | Killed Gastronok
  6982 | D:8      | Received a gift from Okawaru
  6982 | D:8      | Reached **** piety under Okawaru
  7716 | D:9      | Reached skill level 10 in Long Blades
  7899 | D:9      | Gained mutation: You passively map a small area around you. [potion of beneficial mutation]
  7900 | D:9      | Gained mutation: Your natural rate of healing is unusually fast. [potion of beneficial mutation]
  7972 | D:9      | Reached skill level 10 in Armour
  7972 | D:9      | Reached skill level 11 in Shields
  8103 | D:9      | Reached ***** piety under Okawaru
  8139 | D:9      | Noticed a hill giant
  8145 | D:9      | Reached XP level 11. HP: 97/97 MP: 7/10
  8150 | D:9      | Killed a hill giant
  8529 | D:10     | Entered Level 10 of the Dungeon
  8541 | D:10     | Noticed Fannar
  8571 | D:10     | Killed from afar by Fannar

Skill      XL: |  1  2  3  4  5  6  7  8  9 10 |
---------------+-------------------------------+-----
Armour         | 4 5 6 7 8 10 | 10.1
Fighting       | 4 5 7 8 9 |  9.8
Shields        | 5 6 7 9 11 | 11.3
Long Blades    | 3 4 5 6 8 10 | 10.5
Dodging        | 2 3 4 5 |  5.1
Stealth        | 1 |  1.0
Invocations    | |  0.4

Action                   |  1- 3 |  4- 6 |  7- 9 | 10-12 || total
-------------------------+-------+-------+-------+-------++-------
Melee: Long sword        |    87 |   127 |   211 |       ||   425
       Headbutt          |    17 |    19 |    75 |    39 ||   150
       Falchion          |       |       |   235 |    15 ||   250
       Scimitar          |       |       |       |   171 ||   171
Invok: Heroism           |       |       |     1 |     6 ||     7
  Use: Potion            |     1 |       |       |     3 ||     4
       Scroll            |       |    10 |     6 |     3 ||    19
  Eat: Chunk             |       |     4 |    13 |     7 ||    24
       Fruit             |       |     1 |     1 |       ||     2
       Royal jelly       |       |       |     1 |       ||     1
       Pizza             |       |       |     1 |       ||     1
Armor: Scale mail        |    45 |    43 |    28 |       ||   116
       Chain mail        |       |       |    87 |       ||    87
       Plate armour      |       |       |    53 |    56 ||   109
Dodge: Dodged            |    35 |    36 |   114 |    33 ||   218
Block: Shield            |    71 |    60 |   217 |    92 ||   440
